 Dungeon Crawl Stone Soup version 0.20.1-1-g8b1a95d (webtiles) character file.

4936 KrissDaBro the Grappler (level 10, -14/92 HPs)
             Began as a Troll Warper on Oct 25, 2017.
             Was a Believer of Yredelemnul.
             Killed from afar by an ogre mage (15 damage)
             ... with a bolt of fire
             ... on level 10 of the Dungeon.
             The game lasted 01:43:32 (5799 turns).

KrissDaBro the Grappler (Troll Warper)              Turns: 5799, Time: 01:43:32

Health: -14/92     AC:  6    Str: 23    XL:     10   Next: 27%
Magic:  4/12       EV: 11    Int:  9    God:    Yredelemnul [**....]
Gold:   313        SH:  0    Dex: 10    Spells: 2/13 levels left

rFire    . . .     SeeInvis .     - Unarmed
rCold    . . .     Gourm    +   (no shield)
rNeg     . . .     Faith    .   z - +1 robe {MR+}
rPois    .         Spirit   .   (helmet restricted)
rElec    .         Reflect  .   (no cloak)
rCorr    .         Harm     .   (gloves unavailable)
MR       +....                  (boots unavailable)
Stlth    ++........             e - amulet of rage
Regen    0.7/turn               A - ring of stealth
MPRegen  0.2/turn               (no ring)

@: shrouded (expiring), very slightly contaminated
A: unfitting armour, claws 3, fast metabolism 3, gourmand, regeneration 1,
shaggy fur 1, tough skin 2
a: Animate Remains, Recall Undead Slaves, Injury Mirror, Renounce Religion,
Evoke Berserk Rage


You were on level 10 of the Dungeon.
You worshipped Yredelemnul.
Yredelemnul was pleased with you.
You were not hungry.

You visited 2 branches of the dungeon, and saw 11 of its levels.

You collected 313 gold pieces.

Inventory:

Hand Weapons
 p - a +1 mace of crushing
 C - a +0 blowgun
Missiles
 l - 48 poisoned needles
 m - 144 stones
 q - 5 tomahawks (quivered)
 t - 3 javelins
Armour
 z - a +1 robe of magic resistance (worn)
Jewellery
 c - an uncursed amulet of regeneration
 e - an amulet of rage (around neck)
 A - a ring of stealth (left claw)
Scrolls
 a - a scroll of fog {unknown}
 g - 3 scrolls of remove curse
 k - 3 scrolls of teleportation
 r - a scroll of amnesia
 s - a scroll of immolation {unknown}
 v - a scroll of fear
Potions
 d - a potion of might {unknown}
 h - a potion of haste
 i - a potion of agility {unknown}
 n - 2 potions of magic
 o - 3 potions of brilliance
 u - a potion of invisibility {unknown}
 w - 2 potions of flight {unknown}
 B - a potion of degeneration {unknown}
Books
 b - a book of Spatial Translocations

   Spells                             Type                      Level
   a - Blink                          Translocation                2
   b - Shroud of Golubria             Charms/Translocation         2
   c - Lesser Beckoning               Translocation                3
   d - Gell's Gravitas                Translocation                3
   e - Teleport Other                 Translocation                3
   f - Passage of Golubria            Translocation                4


   Skills:
 + Level 3.8 Fighting
 + Level 5.3 Throwing
 + Level 4.7 Dodging
 + Level 1.3 Stealth
 * Level 10.8 Unarmed Combat
 + Level 2.1 Spellcasting
 + Level 0.4 Charms
 + Level 3.2 Translocations
 + Level 2.5 Invocations


You had 2 spell levels left.
You knew the following spells:

 Your Spells              Type           Power        Failure   Level  Hunger
a - Shroud of Golubria    Chrm/Tloc      #.........   24%         2    ###....
b - Gell's Gravitas       Tloc           #.........   26%         3    ####...
c - Teleport Other        Tloc           #.......     26%         3    ####...
d - Lesser Beckoning      Tloc           #.........   26%         3    ####...


Dungeon Overview and Level Annotations

Branches:
Dungeon (10/15)            Temple (1/1) D:5            Lair (0/6) D:8
    Orc: D:9-12

Altars:
Ashenzari
Cheibriados
Dithmenos
Elyvilon
Gozag
Kikubaaqudgha
Makhleb
Nemelex Xobeh
Okawaru
Qazlal
Ru
Sif Muna
Trog
Uskayaw
Vehumet
Xom
Yredelemnul
Zin
The Shining One

Shops:
D:7 [


Innate Abilities, Weirdness & Mutations

You are too large for most types of armour.
You have claws for hands.
Your metabolism is lightning-fast.
You like to eat raw meat.
Your natural rate of healing is unusually fast.
You are covered in fur. (AC +1)
You have very tough skin. (AC +2)


Message History

You can't see any item there.
Casting: Shroud of Golubria
Confirm with . or Enter, or press ? or * to list all spells.
Aiming: Lesser Beckoning
Press: ? - help, Shift-Dir - straight line, f - you, p - ogre mage
Okay, then.
Casting: Lesser Beckoning
Confirm with . or Enter, or press ? or * to list all spells.
You don't know that spell.
Unknown command.
Casting: Lesser Beckoning
Confirm with . or Enter, or press ? or * to list all spells.
Aiming: Teleport Other
Press: ? - help, Shift-Dir - straight line, f/p - ogre mage
Aim: an ogre mage, wielding a whip, wearing a robe and wearing an encrusted silver ring (chance to defeat MR: 4%)
The ogre mage resists with almost no effort.
The ogre mage points at you and mumbles some strange words.
The bolt of fire hits you!
You die...
Your body rises from the dead as a mindless zombie.

..)...<....#.....#
.....###...#.##..#.#..
##
....<........#(.....#
... ...
.#.#...#...####..#.#
.. #.##..#...# ..# . #
#...###.#####.# .....#
#(#.#.(. #.#...#
#.#.#.#
..........#(@O(#
.#.....#.#.#.#(# ##
#.#.#.#.(. # #.#####H#
.# ($$ . $Z# .# $.. .
$#.


You could see an ogre mage, a hippogriff and a wyvern simulacrum.

Vanquished Creatures
  A centaur warrior (D:10)
  An elephant (D:8)
  Psyche (D:9)
  A gargoyle (D:10)
  Prince Ribbit (D:8)
  2 hippogriffs
  A hungry ghost (D:7)
  Menkaure (D:6)
  A water moccasin (D:6)
  2 orc warriors
  2 ice beasts
  A black bear (D:10)
  4 ogres
  A centaur (D:8)
  A crocodile (D:9)
  2 bullfrogs (D:8)
  A gnoll sergeant (D:8)
  A wyvern skeleton (D:10)
  A water moccasin skeleton (D:5)
  A scorpion (D:10)
  A wight (D:10)
  3 killer bees (D:9)
  2 howler monkeys (D:9)
  4 crimson imps
  2 centaur zombies
  A bullfrog zombie (D:4)
  A centaur skeleton (D:4)
  4 hounds
  An orc wizard (D:6)
  An orc priest (D:6)
  A bullfrog skeleton (D:4)
  An iguana (D:5)
  A worker ant (D:5)
  A killer bee zombie (D:6)
  A hound zombie (D:4)
  A hound skeleton (D:8)
  A howler monkey zombie (D:9)
  7 gnolls
  9 adders
  An ooze (D:3)
  2 adder zombies (D:4)
  A worm (D:3)
  5 leopard geckos
  9 orcs
  5 giant cockroaches
  6 goblins
  A hobgoblin (D:3)
  3 jackals (D:5)
  A quokka (D:2)
  4 ball pythons
  2 frilled lizards
  2 giant cockroach zombies (D:4)
  6 kobolds
  2 quokka zombies
  A rat (D:1)
  A fungus (D:8)
  A plant (D:8)
  3 withered plants (D:4)
126 creatures vanquished.

Vanquished Creatures (others)
  A hippogriff zombie (D:8)
  A bullfrog zombie (D:8)
  2 adder zombies
  2 gnoll zombies (D:8)
  2 orc zombies (D:9)
8 creatures vanquished.

Grand Total: 134 creatures vanquished

Notes
Turn   | Place    | Note
-------+----------+-------------------------------------------
     0 | D:1      | KrissDaBro the Troll Warper began the quest for the Orb.
     0 | D:1      | Reached XP level 1. HP: 19/19 MP: 1/1
   430 | D:1      | Reached XP level 2. HP: 25/28 MP: 3/3
  1174 | D:3      | Reached XP level 3. HP: 22/35 MP: 4/4
  1217 | D:3      | Learned a level 2 spell: Shroud of Golubria
  1221 | D:3      | Learned a level 3 spell: Gell's Gravitas
  1405 | D:3      | Reached skill level 3 in Unarmed Combat
  1487 | D:4      | Reached skill level 1 in Throwing
  1487 | D:4      | Reached XP level 4. HP: 36/42 MP: 5/5
  1865 | D:4      | Found an iron altar of Okawaru.
  1889 | D:4      | Reached XP level 5. HP: 41/49 MP: 6/6
  1898 | D:4      | Reached skill level 4 in Unarmed Combat
  2277 | D:5      | Entered Level 5 of the Dungeon
  2510 | D:5      | Reached XP level 6. HP: 35/57 MP: 7/7
  2548 | D:5      | Found a staircase to the Ecumenical Temple.
  2704 | Temple   | Entered the Ecumenical Temple
  2968 | Temple   | Became a worshipper of Yredelemnul the Dark
  3046 | D:5      | Reached skill level 5 in Unarmed Combat
  3417 | D:6      | Reached skill level 6 in Unarmed Combat
  3417 | D:6      | Reached XP level 7. HP: 21/65 MP: 8/8
  3624 | D:6      | Reached skill level 7 in Unarmed Combat
  3642 | D:6      | Noticed Menkaure
  3651 | D:6      | Killed Menkaure
  3702 | D:6      | Reached * piety under Yredelemnul
  3702 | D:6      | Reached XP level 8. HP: 42/74 MP: 9/9
  3768 | D:6      | Reached skill level 8 in Unarmed Combat
  4140 | D:7      | Found Lorud's Antique Armour Emporium.
  4186 | D:8      | Noticed an elephant
  4186 | D:8      | Found a staircase to the Lair.
  4186 | D:8      | Noticed a hippogriff
  4518 | D:8      | Killed an elephant
  4518 | D:8      | Reached skill level 9 in Unarmed Combat
  4518 | D:8      | Reached skill level 1 in Invocations
  4518 | D:8      | Reached XP level 9. HP: 81/83 MP: 10/10
  4660 | D:8      | Noticed Prince Ribbit
  4684 | D:8      | Killed Prince Ribbit
  4861 | D:9      | Learned a level 3 spell: Teleport Other
  4865 | D:9      | Learned a level 3 spell: Lesser Beckoning
  4902 | D:9      | Found a flagged portal.
  5035 | D:9      | Reached ** piety under Yredelemnul
  5035 | D:9      | Reached skill level 1 in Stealth
  5303 | D:9      | Noticed Psyche
  5321 | D:9      | Killed Psyche
  5321 | D:9      | Reached skill level 10 in Unarmed Combat
  5588 | D:9      | Reached skill level 5 in Throwing
  5625 | D:9      | Paralysed by fainting for 7 turns
  5692 | D:10     | Entered Level 10 of the Dungeon
  5710 | D:10     | Reached XP level 10. HP: 75/92 MP: 12/12
  5772 | D:10     | Noticed a gargoyle
  5776 | D:10     | Noticed a centaur warrior
  5779 | D:10     | Killed a gargoyle
  5784 | D:10     | Noticed an ogre mage
  5786 | D:10     | Killed a centaur warrior
  5798 | D:10     | HP: 1/92 [ogre mage/crystal spear (33)]
  5799 | D:10     | Killed from afar by an ogre mage

Skill      XL: |  1  2  3  4  5  6  7  8  9 |
---------------+----------------------------+-----
Dodging        | 2 3 4 |  4.7
Unarmed Combat | 3 4 6 7 9 10 | 10.8
Throwing       | 1 2 4 5 |  5.3
Fighting       | 2 3 |  3.8
Invocations    | 1 2 |  2.5
Translocations | 3 |  3.2
Stealth        | 1 |  1.3
Spellcasting   | 2 |  2.1
Charms         | |  0.4

Action                   |  1- 3 |  4- 6 |  7- 9 | 10-12 || total
-------------------------+-------+-------+-------+-------++-------
Melee: Unarmed           |    97 |   178 |   195 |    15 ||   485
       Punch             |       |     6 |     8 |       ||    14
       Blowgun           |       |       |     6 |       ||     6
 Fire: Blowgun           |       |       |     2 |       ||     2
Throw: Tomahawk          |     3 |     5 |    87 |    10 ||   105
       Stone             |    11 |    37 |    14 |       ||    62
       Javelin           |       |     2 |     2 |       ||     4
 Cast: Gell's Gravitas   |       |       |     5 |       ||     5
       Shroud of Golubri |       |       |     3 |     3 ||     6
       Teleport Other    |       |       |       |     1 ||     1
Invok: Animate Remains   |       |       |    10 |       ||    10
       Recall Undead Sla |       |       |     2 |       ||     2
  Use: Scroll            |     7 |     3 |    10 |     1 ||    21
       Potion            |     1 |     1 |       |       ||     2
 Stab: Sleeping          |     1 |       |       |       ||     1
  Eat: Chunk             |     5 |    17 |     8 |     1 ||    31
       Bread ration      |     1 |     1 |     2 |       ||     4
       Royal jelly       |       |     1 |       |       ||     1
       Fruit             |       |       |     3 |       ||     3
       Meat ration       |       |       |     1 |       ||     1
Armor: Robe              |    20 |    37 |    64 |     4 ||   125
Dodge: Dodged            |    45 |    49 |   122 |     7 ||   223
